 Dungeon Crawl Stone Soup version 0.28-a0-1518-gbe868bca14 (webtiles) character file.

Game seed: 970316557636252943

66 comborobin the Sneak (level 3, 0/30 HPs)
             Began as a Draconian Brigand on Jan 17, 2022.
             Succumbed to an adder's poison
             ... on level 3 of the Dungeon.
             The game lasted 00:03:39 (2649 turns).

comborobin the Sneak (Draconian Brigand)            Turns: 2649, Time: 00:03:40

Health: 0/30       AC:  7    Str: 13    XL:     3   Next: 96%
Magic:  4/4        EV: 11    Int: 13    God:
Gold:   93         SH:  0    Dex: 12    Spells: 2/3 levels left

rFire   . . .      SeeInvis .   a - +2 dagger
rCold   . . .      Faith    .   (no shield)
rNeg    . . .      Spirit   .   (armour unavailable)
rPois   .          Reflect  .   (helmet restricted)
rElec   .          Harm     .   b - +0 cloak
rCorr   .          Rampage  .   j - +0 pair of gloves
Will    .....                   (no boots)
Stlth   ++........              (no amulet)
HPRegen 0.10/turn               (no ring)
MPRegen 0.09/turn               (no ring)

@: lethally poisoned (0 -> -5)
A: AC +5, unfitting armour, cold-blooded
a: no special abilities


You were on level 3 of the Dungeon.
You visited 1 branch of the dungeon, and saw 3 of its levels.

You collected 93 gold pieces.

Inventory:

Hand Weapons
 a - a +2 dagger (weapon)
Missiles
 c - 12 poisoned darts (quivered)
Armour
 b - a +0 cloak (worn)
 j - a +0 pair of gloves (worn)
Jewellery
 k - a ring of ice
Scrolls
 e - 2 scrolls of identify
 g - a scroll of immolation
 i - a scroll of silence {unknown}
Potions
 f - 2 potions of flight {unknown}
 h - a potion of ambrosia {unknown}
 z - a potion of berserk rage {unknown}


   Skills:
 + Level 2.5 Fighting
 - Level 2.0 Short Blades
 - Level 1.8 Throwing
 - Level 0.9 Dodging
 - Level 3.6 Stealth
 + Level 0.7 Spellcasting
 + Level 0.9 Transmutations
 + Level 0.7 Air Magic
 + Level 2.6 Poison Magic


You had 2 spell levels left.
You knew the following spells:

 Your Spells              Type           Power      Damage    Failure   Level
k - Sting                 Tmut/Pois      20%        1d4       14%         1

Your spell library contained the following spells:

 Spells                   Type           Power      Damage    Failure   Level
 Poisonous Vapours        Pois/Air       8%         N/A       22%         2
 Olgreb's Toxic Radiance  Pois           7%         N/A       69%         4


Dungeon Overview and Level Annotations

Branches:
Dungeon (3/15)

Altars:

Shops:
D:2 ?


Innate Abilities, Weirdness & Mutations

Your plain brown scales are hard. (AC +5)
You cannot fit into any form of body armour.
You are cold-blooded and may be slowed by cold attacks.


Message History

As you read the scroll labelled PANOAPEECA, it crumbles to dust.
It is a scroll of identify.
g - 2 scrolls of immolation The orc barely misses you.
The adder bites you but does no damage. The gnoll hits you but does no damage.
The orc barely misses you. The orc closely misses you.
Okay, then.
Okay, then.
Okay, then.
Really read the scroll of immolation?
As you read the scroll of immolation, it crumbles to dust.
The creatures around you are filled with an inner flame!
The adder bites you.
* * * LOW HITPOINT WARNING * * *
You are poisoned.
The adder poisons you! The orc hits you with a +3 dagger.
* * * LOW HITPOINT WARNING * * *
The orc hits you with a +0 hand axe.
* * * LOW HITPOINT WARNING * * *
The orc hits you but does no damage. The gnoll hits you with a +0 whip.
* * * LOW HITPOINT WARNING * * *
Unknown command.
Unknown command.
Unknown command.
Sorry, you're not good enough to have a special ability.
Unknown command.
You aren't carrying any items that you can evoke.
Unknown command.
Okay, then.
Okay, then.
Casting: Sting (safe; 14% risk of failure)
Confirm with . or Enter, or press ? or * to list all spells.
Okay, then.
Unknown command.
Casting: Sting (safe; 14% risk of failure)
Confirm with . or Enter, or press ? or * to list all spells.
Okay, then.
You hit the gnoll.
Flame seeps out of the gnoll.
The gnoll is severely wounded.
You die...

##..........###
##....#......##
####.######..##
##.....###..#
#.......>.#.....#
#.........#####...
#.................
#.....))Soo.#####
#..!....g@#..#
########o###.$.
#g# #o.# #g# ...#
... #.. ... .....
.....


You could see 3 gnolls, an adder (inner flame) and 3 orcs.

Vanquished Creatures
  An adder (D:2)
  3 worms (D:2)
  2 dart slugs
  4 ball pythons
  6 endoplasms
  2 giant cockroaches (D:1)
  7 goblins
  A hobgoblin (D:2)
  A kobold (D:2)
  A quokka (D:1)
  10 bats
  A frilled lizard (D:1)
  4 rats
43 creatures vanquished.

Notes
Turn   | Place    | Note
-------+----------+-------------------------------------------
     0 | D:1      | comborobin the Draconian Brigand began the quest for the
                  | Orb.
     0 | D:1      | Reached XP level 1. HP: 17/17 MP: 1/1
   261 | D:1      | Reached skill level 1 in Poison Magic
   352 | D:1      | Reached XP level 2. HP: 24/24 MP: 2/2
   358 | D:1      | Learned a level 1 spell: Sting
  1080 | D:2      | Reached XP level 3. HP: 29/29 MP: 3/3
  1439 | D:2      | Found Engyhav's Magic Scroll Shoppe.
  2648 | D:3      | HP: 1/30 [gnoll (2)]
  2649 | D:3      | Succumbed to an adder's poison

Illustrated notes

Levels and vault maps discovered:
D:1:      lemuel_arrival_room, layout_loops_corners, serial_forest,
          infiniplex_forest_straight_1, infiniplex_forest_end_double,
          infiniplex_forest_clump_medium, infiniplex_forest_3_way
D:2:      layout_basic, serial_shops, nicolae_shop_trees
D:3:      layout_rooms, lightli_temple_of_fire, okawaru_gym_becter,
          gammafunk_ghost_split

Skill      XL: |  1  2 |
---------------+-------+-----
Poison Magic   | 1 2 |  2.6
Fighting       | |  2.5
Short Blades   | |  2.0
Throwing       | |  1.8
Dodging        | |  0.9
Stealth        | |  3.6
Spellcasting   | |  0.7
Transmutations | |  0.9
Air Magic      | |  0.7

Action                   || total
-------------------------++-------
Melee: Dagger            ||   110
       Tailslap          ||    10
Throw: Dart              ||    13
 Cast: Sting             ||    12
  Use: Scroll            ||     2
 Stab: Sleeping          ||     7
       Distracted        ||     1
Armor: Skin              ||    53
Dodge: Dodged            ||    82

Table legend: (Time is in decaauts)
 A = Elapsed time spent in this place.
 B = Non-inter-level travel time spent in this place.
 C = Inter-level travel time spent in this place.
 D = Time resting spent in this place.
 E = Time spent auto-exploring this place.
 F = Levels seen in this place.
 G = Mean time per level.
                   A        B        C        D        E       F      G
               +--------+--------+--------+--------+--------+-----+--------+
         Total |   2637 |   2581 |     56 |    315 |   1845 |   3 |  879.0 |
       Dungeon |   2637 |   2581 |     56 |    315 |   1845 |   3 |  879.0 |
               +--------+--------+--------+--------+--------+-----+--------+

Top non-repeatable levels by time:
     D:2: 1579 daAuts
     D:1: 1031 daAuts
     D:3: 27 daAuts
